TOP OF THE 1ST |
Tacoma Rainiers batting - Pitching for Charlotte Knights : LHP Isaias Felix
|
Pitching: LHP Isaias Felix
|
|
Batting: RHB Julian Gregory
|
0-0: Called Strike 0-1: Ball 1-1: Ball 2-1: Foul Ball, location: 2F 2-2: Ball 3-2: Foul Ball, location: 2F 3-2: Fly out, F8 (Line Drive, 8RD, EV 90.6 MPH)
|
Batting: LHB Jawad Fahad
|
0-0: Called Strike 0-1: Called Strike 0-2: Ball 1-2: SINGLE (Groundball, 6M, EV 95.6 MPH)
|
Batting: RHB Zach Downs
|
0-0: Ball 1-0: Foul Ball, location: 2F 1-1: Ball 2-1: Foul Ball, location: 2F 2-2: Ball 3-2: Strikes out swinging Jawad Fahad is caught stealing 2nd base 2-4 Batter strikes out.
|
Top of the 1st over - 0 runs, 1 hit, 0 errors, 0 left on base; Tacoma 0 - Charlotte 0 |
BOTTOM OF THE 1ST |
Charlotte Knights batting - Pitching for Tacoma Rainiers : RHP Eugene Stott
|
Pitching: RHP Eugene Stott
|
|
Batting: RHB Jeremy Hoffert
|
0-0: Foul Ball, location: 2F 0-1: Swinging Strike 0-2: Ball 1-2: Ball 2-2: Foul Ball, location: 2F 2-2: Ball 3-2: Foul Ball, location: 2F 3-2: Base on Balls
|
Batting: SHB Ruben Velasco Jr.
|
0-0: Ball 1-0: Called Strike Jeremy Hoffert steals 2nd base (no throw) 1-1: Foul Ball, location: 2F 1-2: Ball 2-2: Ball 3-2: Foul Ball, location: 2F 3-2: Fly out, F1 (Line Drive, P, EV 71.2 MPH)
|
Batting: LHB Justin Stickney
|
0-0: Ball 1-0: Called Strike 1-1: Ground out 5-3 (Groundball, 56S, EV 83.1 MPH)
|
Batting: RHB Fletcher Easter
|
0-0: Ball 1-0: Called Strike 1-1: Foul Ball, location: 2F 1-2: Ball 2-2: Ball 3-2: Base on Balls
|
Batting: RHB Mike Warzecha
|
0-0: Called Strike 0-1: Ball 1-1: Ball 2-1: Ball 3-1: Called Strike 3-2: Foul Ball, location: 2F 3-2: SINGLE (Groundball, 6M, EV 106.2 MPH) (infield hit) Jeremy Hoffert to third Fletcher Easter to second
|
Batting: RHB Kikuo Sato
|
0-0: Called Strike 0-1: Ball 1-1: Ball 2-1: Fly out, F9 (Line Drive, 9, EV 89.4 MPH)
|
Bottom of the 1st over - 0 runs, 1 hit, 0 errors, 3 left on base; Tacoma 0 - Charlotte 0 |
TOP OF THE 2ND |
Tacoma Rainiers batting - Pitching for Charlotte Knights : LHP Isaias Felix
|
Batting: SHB Isaiah Cherry
|
0-0: Ball 1-0: Foul Ball, location: 2F 1-1: Ground out 6-3 (Groundball, 6, EV 101.9 MPH)
|
Batting: RHB Hideo Okimura
|
0-0: Ball 1-0: Called Strike 1-1: Ball 2-1: Called Strike 2-2: Strikes out swinging
|
Batting: RHB Lamberto Amicis
|
0-0: Ball 1-0: Ground out 6-3 (Groundball, 6S, EV 84.4 MPH)
|
Top of the 2nd over - 0 runs, 0 hits, 0 errors, 0 left on base; Tacoma 0 - Charlotte 0 |
BOTTOM OF THE 2ND |
Charlotte Knights batting - Pitching for Tacoma Rainiers : RHP Eugene Stott
|
Batting: SHB Josh Conner
|
0-0: Called Strike 0-1: Swinging Strike 0-2: Ball 1-2: Foul Ball, location: 2F 1-2: Strikes out swinging
|
Batting: RHB Steve Waltenbery
|
0-0: Ball 1-0: Ball 2-0: Ball 3-0: Fly out, F7 (Flyball, 7, EV 91.2 MPH)
|
Batting: RHB Dunlang Clark
|
0-0: Called Strike 0-1: Hit by Pitch
|
Batting: RHB Jeremy Hoffert
|
0-0: Ball 1-0: Ball Wild Pitch! Dunlang Clark to second 2-0: Called Strike 2-1: Ground out 6-3 (Groundball, 6, EV 103.8 MPH)
|
Bottom of the 2nd over - 0 runs, 0 hits, 0 errors, 1 left on base; Tacoma 0 - Charlotte 0 |
TOP OF THE 3RD |
Tacoma Rainiers batting - Pitching for Charlotte Knights : LHP Isaias Felix
|
Batting: LHB Josh Pittman
|
0-0: Called Strike 0-1: Foul Ball, location: 2F 0-2: SOLO HOME RUN (Flyball, 9D, EV 91.9 MPH), Distance : 347 ft
|
Batting: RHB Jesus Santiago
|
0-0: Called Strike 0-1: Ball 1-1: Swinging Strike 1-2: Ball 2-2: Ball 3-2: Base on Balls
|
Batting: RHB Andy Heimark
|
0-0: Ball 1-0: Called Strike 1-1: Called Strike 1-2: SINGLE (Groundball, 6MD, EV 107.5 MPH) Jesus Santiago to second
|
Batting: RHB Julian Gregory
|
0-0: Swinging Strike 0-1: Called Strike 0-2: Fly out, F7 (Flyball, 7, EV 86.2 MPH)
|
Batting: LHB Jawad Fahad
|
0-0: Ball 1-0: Foul Ball, location: 2F 1-1: Foul Ball, location: 2F 1-2: Ball 2-2: Strikes out swinging
|
Batting: RHB Zach Downs
|
0-0: Swinging Strike 0-1: Fielders Choice at 2nd, 6-4 (Groundball, 56, EV 82.5 MPH)
|
Top of the 3rd over - 1 run, 2 hits, 0 errors, 2 left on base; Tacoma 1 - Charlotte 0 |
BOTTOM OF THE 3RD |
Charlotte Knights batting - Pitching for Tacoma Rainiers : RHP Eugene Stott
|
Batting: SHB Ruben Velasco Jr.
|
0-0: Foul Ball, location: 2F 0-1: Ball 1-1: Fly out, F5 (Popup, 6S, EV 76.2 MPH)
|
Batting: LHB Justin Stickney
|
0-0: Called Strike 0-1: Foul Ball, location: 2F 0-2: Foul Ball, location: 2F 0-2: Strikes out swinging
|
Batting: RHB Fletcher Easter
|
0-0: SINGLE (Groundball, 56D, EV 102.5 MPH)
|
Batting: RHB Mike Warzecha
|
0-0: Ball 1-0: Swinging Strike 1-1: Foul Ball, location: 2F 1-2: Ball 2-2: Foul Ball, location: 2F 2-2: Ball 3-2: Foul Ball, location: 2F 3-2: Ground out 5-3 (Groundball, 56, EV 81.2 MPH)
|
Bottom of the 3rd over - 0 runs, 1 hit, 0 errors, 1 left on base; Tacoma 1 - Charlotte 0 |
TOP OF THE 4TH |
Tacoma Rainiers batting - Pitching for Charlotte Knights : LHP Isaias Felix
|
Batting: SHB Isaiah Cherry
|
0-0: Called Strike 0-1: Foul Ball, location: 2F 0-2: SINGLE (Groundball, 5D, EV 106.2 MPH)
|
Batting: RHB Hideo Okimura
|
0-0: Called Strike 0-1: Ball 1-1: Foul Ball, location: 2F 1-2: Foul Ball, location: 2F 1-2: Fly out, F4 (Line Drive, 4, EV 69.4 MPH)
|
Batting: RHB Lamberto Amicis
|
0-0: Ball 1-0: Fly out, F8 (Flyball, 8RM, EV 81.2 MPH)
|
Batting: LHB Josh Pittman
|
0-0: Ball 1-0: Ball Wild Pitch! Isaiah Cherry to second 2-0: Ball 3-0: Called Strike 3-1: Foul Ball, location: 2F 3-2: Base on Balls
|
Batting: RHB Jesus Santiago
|
0-0: Fly out, F9 (Flyball, 8RS, EV 90.0 MPH)
|
Top of the 4th over - 0 runs, 1 hit, 0 errors, 2 left on base; Tacoma 1 - Charlotte 0 |
BOTTOM OF THE 4TH |
Charlotte Knights batting - Pitching for Tacoma Rainiers : RHP Eugene Stott
|
Batting: RHB Kikuo Sato
|
0-0: SINGLE (Line Drive, 56D, EV 102.5 MPH)
|
Batting: SHB Josh Conner
|
0-0: Reached on error, E2 (Groundball, 13S, EV 66.9 MPH) Kikuo Sato to second
|
Batting: RHB Steve Waltenbery
|
0-0: Ball 1-0: Fly out, F5 (Line Drive, 5, EV 73.8 MPH)
|
Batting: RHB Dunlang Clark
|
0-0: TRIPLE (Flyball, 7D, EV 105.6 MPH) Kikuo Sato scores Josh Conner scores
|
Batting: RHB Jeremy Hoffert
|
0-0: Called Strike 0-1: Ball 1-1: Fly out, F2 (Popup, 2RF, EV 95.6 MPH)
|
Batting: SHB Ruben Velasco Jr.
|
0-0: Ball 1-0: Ball 2-0: Ball 3-0: Base on Balls
|
Batting: LHB Justin Stickney
|
0-0: Ball 1-0: Fly out, F3 (Popup, 3S, EV 83.1 MPH)
|
Bottom of the 4th over - 2 runs, 2 hits, 1 error, 2 left on base; Tacoma 1 - Charlotte 2 |
TOP OF THE 5TH |
Tacoma Rainiers batting - Pitching for Charlotte Knights : LHP Isaias Felix
|
Batting: RHB Andy Heimark
|
0-0: Swinging Strike 0-1: Ball 1-1: Called Strike 1-2: Strikes out swinging
|
Batting: RHB Julian Gregory
|
0-0: Called Strike 0-1: Ball 1-1: Foul Ball, location: 2F 1-2: Foul Ball, location: 2F 1-2: Ball 2-2: Ball 3-2: Base on Balls
|
Batting: LHB Jawad Fahad
|
0-0: Foul Ball, location: 2F 0-1: Fielders Choice at 2nd, 4-6 (Groundball, 34, EV 87.5 MPH)
|
Batting: RHB Zach Downs
|
0-0: Called Strike 0-1: Ball 1-1: Fly out, F8 (Line Drive, 8LD, EV 88.8 MPH)
|
Top of the 5th over - 0 runs, 0 hits, 0 errors, 1 left on base; Tacoma 1 - Charlotte 2 |
BOTTOM OF THE 5TH |
Charlotte Knights batting - Pitching for Tacoma Rainiers : RHP Eugene Stott
|
Batting: RHB Fletcher Easter
|
0-0: Called Strike 0-1: Foul Ball, location: 2F 0-2: Strikes out swinging
|
Batting: RHB Mike Warzecha
|
0-0: Called Strike 0-1: Foul Ball, location: 2F 0-2: Strikes out swinging
|
Batting: RHB Kikuo Sato
|
0-0: Called Strike 0-1: Swinging Strike 0-2: Ball 1-2: Ball 2-2: Strikes out swinging
|
Bottom of the 5th over - 0 runs, 0 hits, 0 errors, 0 left on base; Tacoma 1 - Charlotte 2 |
TOP OF THE 6TH |
Tacoma Rainiers batting - Pitching for Charlotte Knights : LHP Isaias Felix
|
Batting: SHB Isaiah Cherry
|
0-0: Called Strike 0-1: Ball 1-1: Foul Ball, location: 2F 1-2: Ball 2-2: Strikes out swinging
|
Batting: RHB Hideo Okimura
|
0-0: Ball 1-0: Ball 2-0: Foul Ball, location: 2F 2-1: Swinging Strike 2-2: Strikes out looking
|
Batting: RHB Lamberto Amicis
|
0-0: Ball 1-0: Hit by Pitch
|
Batting: LHB Josh Pittman
|
0-0: Ball 1-0: Ground out 4-3 (Groundball, 4, EV 80.0 MPH)
|
Top of the 6th over - 0 runs, 0 hits, 0 errors, 1 left on base; Tacoma 1 - Charlotte 2 |
BOTTOM OF THE 6TH |
Charlotte Knights batting - Pitching for Tacoma Rainiers : RHP Eugene Stott
|
Batting: SHB Josh Conner
|
0-0: Foul Ball, location: 2F 0-1: Foul Ball, location: 2F 0-2: Foul Ball, location: 2F 0-2: Fly out, F7 (Flyball, 7, EV 98.8 MPH)
|
Batting: RHB Steve Waltenbery
|
0-0: Ball 1-0: Ball 2-0: Ball 3-0: Base on Balls
|
Batting: RHB Dunlang Clark
|
0-0: Ball Steve Waltenbery steals 2nd, throwing error, E2 Steve Waltenbery to third 1-0: SINGLE (Groundball, 34, EV 109.4 MPH) Steve Waltenbery scores
|
Pitching: RHP Isaiah Irving
|
|
Batting: RHB Jeremy Hoffert
|
0-0: Ball 1-0: Called Strike Dunlang Clark steals 2nd base 1-1: Foul Ball, location: 2F 1-2: Ball 2-2: Ground out 4-3 (Groundball, 4M, EV 103.8 MPH) Dunlang Clark to third
|
Batting: SHB Ruben Velasco Jr.
|
0-0: Foul Ball, location: 2F 0-1: Swinging Strike 0-2: Ball 1-2: Ball 2-2: 2-RUN HOME RUN (Flyball, 9D, EV 93.1 MPH), Distance : 350 ft
|
Batting: LHB Justin Stickney
|
0-0: Ground out 4-3 (Groundball, 4, EV 91.9 MPH)
|
Bottom of the 6th over - 3 runs, 2 hits, 1 error, 0 left on base; Tacoma 1 - Charlotte 5 |
TOP OF THE 7TH |
Tacoma Rainiers batting - Pitching for Charlotte Knights : LHP Isaias Felix
|
Now at 2B: Steve Waltenbery
|
|
Now at SS: John Iddings
|
|
Batting: RHB Jesus Santiago
|
0-0: Ball 1-0: Ball 2-0: Ball 3-0: Foul Ball, location: 2F 3-1: Called Strike 3-2: Foul Ball, location: 2F 3-2: SINGLE (Flyball, 56D, EV 91.9 MPH)
|
Pitching: RHP Dicky Goedhart
|
|
Batting: RHB Andy Heimark
|
0-0: Bunted foul 0-1: Bunt missed! 0-2: Ball 1-2: Grounds into double play, 4-6-3 (Groundball, 4M, EV 108.8 MPH)
|
Batting: RHB Julian Gregory
|
0-0: Ball 1-0: Swinging Strike 1-1: Swinging Strike 1-2: Strikes out swinging
|
Top of the 7th over - 0 runs, 1 hit, 0 errors, 0 left on base; Tacoma 1 - Charlotte 5 |
BOTTOM OF THE 7TH |
Charlotte Knights batting - Pitching for Tacoma Rainiers : RHP Isaiah Irving
|
Batting: RHB John Iddings
|
0-0: Ball 1-0: Foul Ball, location: 2F 1-1: Foul Ball, location: 2F 1-2: SINGLE (Line Drive, 3L, EV 98.1 MPH)
|
Batting: RHB Mike Warzecha
|
0-0: Called Strike 0-1: Ball 1-1: Ball 2-1: Grounds into double play, 4-6-3 (Groundball, 34, EV 93.1 MPH)
|
Batting: RHB Kikuo Sato
|
0-0: Fly out, F7 (Line Drive, 78M, EV 89.4 MPH)
|
Bottom of the 7th over - 0 runs, 1 hit, 0 errors, 0 left on base; Tacoma 1 - Charlotte 5 |
TOP OF THE 8TH |
Tacoma Rainiers batting - Pitching for Charlotte Knights : RHP Dicky Goedhart
|
Batting: LHB Jawad Fahad
|
0-0: Fly out, F6 (Popup, 6MS, EV 84.4 MPH)
|
Batting: RHB Zach Downs
|
0-0: Ball 1-0: Foul Ball, location: 2F 1-1: Foul Ball, location: 2F 1-2: Fly out, F9 (Flyball, 89M, EV 88.8 MPH)
|
Batting: SHB Isaiah Cherry
|
0-0: Called Strike 0-1: Ball 1-1: Swinging Strike 1-2: Foul Ball, location: 2F 1-2: Ball 2-2: Ball 3-2: Base on Balls
|
Batting: RHB Hideo Okimura
|
0-0: Ball 1-0: Ball 2-0: Swinging Strike 2-1: Called Strike 2-2: Fielders Choice at 2nd, 5-4 (Groundball, 56, EV 98.1 MPH)
|
Top of the 8th over - 0 runs, 0 hits, 0 errors, 1 left on base; Tacoma 1 - Charlotte 5 |
BOTTOM OF THE 8TH |
Charlotte Knights batting - Pitching for Tacoma Rainiers : RHP Isaiah Irving
|
Pitching: RHP Fikre Taalib
|
|
Batting: SHB Josh Conner
|
0-0: Ball 1-0: Foul Ball, location: 2F 1-1: Called Strike 1-2: Ball 2-2: Foul Ball, location: 2F 2-2: Strikes out swinging, 2-3 out at first.
|
Batting: RHB Steve Waltenbery
|
0-0: SINGLE (Groundball, 34D, EV 96.2 MPH)
|
Batting: RHB Dunlang Clark
|
0-0: Ball 1-0: Ball 2-0: Called Strike 2-1: Ball 3-1: Foul Ball, location: 2F 3-2: Base on Balls Steve Waltenbery to second
|
Batting: RHB Jeremy Hoffert
|
0-0: SINGLE (Flyball, 34D, EV 90.0 MPH) Steve Waltenbery to third Dunlang Clark to second
|
Batting: SHB Ruben Velasco Jr.
|
0-0: Ball 1-0: Called Strike 1-1: Swinging Strike 1-2: Foul Ball, location: 2F 1-2: Ball 2-2: Foul Ball, location: 2F 2-2: Ball 3-2: Foul Ball, location: 2F 3-2: Foul Ball, location: 2F 3-2: Fly out, F9 (Flyball, 9S, EV 80.0 MPH)
|
Batting: LHB Justin Stickney
|
0-0: Ball 1-0: Ball 2-0: Ball 3-0: Called Strike 3-1: Base on Balls Steve Waltenbery scores Dunlang Clark to third Jeremy Hoffert to second
|
Batting: RHB John Iddings
|
0-0: Fly out, F4 (Popup, 4M, EV 41.2 MPH)
|
Bottom of the 8th over - 1 run, 2 hits, 0 errors, 3 left on base; Tacoma 1 - Charlotte 6 |
TOP OF THE 9TH |
Tacoma Rainiers batting - Pitching for Charlotte Knights : RHP Dicky Goedhart
|
Batting: RHB Lamberto Amicis
|
0-0: Called Strike 0-1: Foul Ball, location: 2F 0-2: Ball 1-2: Ball 2-2: Ground out 6-3 (Groundball, 6, EV 102.5 MPH)
|
Pitching: LHP Juan Fuentes
|
|
Batting: LHB Josh Pittman
|
0-0: Called Strike 0-1: Ball 1-1: Fly out, F7 (Flyball, 78M, EV 95.0 MPH)
|
Batting: RHB Jesus Santiago
|
0-0: Called Strike 0-1: Ball 1-1: Ball 2-1: Swinging Strike 2-2: Strikes out looking
|
Top of the 9th over - 0 runs, 0 hits, 0 errors, 0 left on base; Tacoma 1 - Charlotte 6 |
|